 Dungeon Crawl Stone Soup version 0.31-a0-640-g39d97e502b (webtiles) character file.

Game seed: 6507391064680198998

187 ryw the Ruffian (level 5, 0/53 HPs)
             Began as a Troll Fighter on Aug 28, 2023.
             Slain by a wyvern (15 damage)
             ... on level 4 of the Dungeon.
             The game lasted 00:03:27 (2738 turns).

ryw the Ruffian (Troll Fighter)                     Turns: 2738, Time: 00:03:28

Health: 0/53       AC:  4    Str: 26    XL:     5   Next: 39%
Magic:  4/4        EV:  9    Int:  4    God:
Gold:   127        SH:  8    Dex:  9    Spells: 4/4 levels left

rFire   . .          .
                       - Unarmed
rCold   + . .        b - +0 kite shield
rNeg    . . .        a - +0 robe
rPois   .            (helmet restricted)
rElec   .            (no cloak)
rCorr   .            (gloves unavailable)
SInv    .            (boots unavailable)
Will    .....        (no amulet)
Stlth   +            t - ring of protection from cold
HPRegen 1.08/turn    (no ring)
MPRegen 0.09/turn

%: no passive effects
@: no status effects
A: large, unfitting armour, claws 3, regeneration 1, shaggy fur 1, tough skin 1
a: no special abilities


You were on level 4 of the Dungeon.
You visited 1 branch of the dungeon, and saw 4 of its levels.

You collected 127 gold pieces.

Inventory:

Missiles
 n - 5 boomerangs (quivered)
 o - 6 poisoned darts
Armour
 a - a +0 robe (worn)
 b - a +0 kite shield (worn)
Jewellery
 t - a ring of protection from cold (left claw)
Scrolls
 d - 2 scrolls of vulnerability {unknown}
 e - a scroll of amnesia {unknown}
 f - a scroll of revelation {unknown}
 g - 3 scrolls of identify {unknown}
 k - a scroll of acquirement {unknown}
 m - a scroll of blinking {unknown}
 q - a scroll of torment {unknown}
 r - 3 scrolls of poison {unknown}
Potions
 c - a potion of might
 h - a potion of magic {unknown}
 i - a potion of brilliance {unknown}
 j - a potion of degeneration {unknown}
 l - a potion of curing {unknown}
 s - a potion of lignification {unknown}


   Skills:
 + Level 3.0 Fighting
 - Level 1.0 Throwing
 + Level 3.1 Dodging
 + Level 3.3 Shields
 * Level 3.8 Unarmed Combat


You had 4 spell levels left.
You didn't know any spells.
Your spell library contained the following spells:

 Spells                   Type           Power      Damage    Failure   Level
 Cigotuvi's Dreadful Rot  Necr/Pois/Air  0%         N/A       87%         2
 Ignite Poison            Fire/Tmut/Pois 0%         N/A       98%         3
 Portal Projectile        Hex/Tloc       0%         N/A       98%         3
 Tukima's Dance           Hex            0%         N/A       98%         3
 Iskenderun's Mystic Bla  Conj/Tloc      0%         2d3       100%        4
 Freezing Cloud           Conj/Ice/Air   0%         6-21      100%        5


Dungeon Overview and Level Annotations

Branches:
Dungeon (4/15)
 Temple: D:4-7

Altars:

Shops:
D:3 (

Annotations:
D:3 3 runed translucent doors, justen's ghost, weakling MeSh


Innate Abilities, Weirdness & Mutations

You are too large for most types of armour.
You have claws for hands.
Your natural rate of healing is unusually fast.
You are covered in fur. (AC +1)
You have tough skin. (AC +1)


Message History

Training target 1.0 for Throwing reached!
Your Fighting skill increases to level 3!
Your Throwing skill increases to level 1!
You have reached level 5!
o - 4 poisoned darts (gained 1)
o - 5 poisoned darts (gained 1)
o - 6 poisoned darts (gained 1)
There is a stone staircase leading up here.
Found an escape hatch in the ceiling.
t - a ring of protection from cold
t - a ring of protection from cold (left claw)
You drop a ring of magical power.
There is a stone staircase leading up here.
A wyvern comes into view.
The wyvern hisses angrily.
Throw: 5 boomerangs
Press: ? - help, Q - select action, (/) - cycle Shift-Dir - straight line, f - wyvern
Aim: a wyvern (50% to hit)
You throw a boomerang.
The boomerang closely misses the wyvern.
You claw the wyvern!
The wyvern is heavily wounded.
The wyvern bites you.
You barely miss the wyvern.
The wyvern is heavily wounded.
The wyvern bites you! x2
You claw the wyvern!
The wyvern is severely wounded.
The wyvern barely misses you.
You scratch the wyvern but do no damage.
The wyvern is severely wounded.
The wyvern barely misses you. You block the wyvern's attack.
You closely miss the wyvern.
The wyvern is severely wounded.
The wyvern bites you!
* * * LOW HITPOINT WARNING * * *
You barely miss the wyvern.
The wyvern is severely wounded.
The wyvern bites you!
You die...

#### .# ####... ...
### ####...... ....
##.# #.........
..... ##..#
#.........
......#...#
#.........
......l@..##
##........
......###..#
###...... ....#
#..######.....<. ..#
##.............. #
######..........####
###.....#....######
##.......#.####
...........#
...........#


You could see a wyvern.

Vanquished Creatures
  A scorpion (D:4)
  A hound (D:3)
  A gnoll (D:1)
  3 adders
  A worm (D:3)
  7 bats
  3 endoplasms
  2 giant cockroaches
  3 hobgoblins
  3 jackals (D:1)
  11 kobolds
  5 quokkas
  7 ball pythons
  5 frilled lizards
  3 goblins
  8 rats
64 creatures vanquished.

Notes
Turn   | Place    | Note
-------+----------+-------------------------------------------
     0 | D:1      | ryw the Troll Fighter began the quest for the Orb.
     0 | D:1      | Reached XP level 1. HP: 22/22 MP: 0/0
   246 | D:1      | HP: 1/22 [gnoll/+0 whip (7)]
   255 | D:1      | Reached XP level 2. HP: 13/29 MP: 1/1
   833 | D:1      | Reached XP level 3. HP: 36/36 MP: 2/2
  1098 | D:2      | Identified the +1 dagger of Xykloj {flame, rN+}
  1437 | D:2      | Found a faded altar of an unknown god.
  1773 | D:3      | Reached XP level 4. HP: 41/44 MP: 3/3
  2060 | D:3      | Found Gearch's Weapon Boutique.
  2284 | D:3      | Found a runed translucent gate.
  2284 | D:3      | Found a runed translucent gate.
  2284 | D:3      | Found a runed translucent gate.
  2288 | D:3      | Noticed justen's ghost (weakling MeSh)
  2467 | D:4      | Noticed a scorpion
  2654 | D:4      | Killed a scorpion
  2655 | D:4      | Reached skill level 1 in Throwing
  2655 | D:4      | Reached XP level 5. HP: 53/53 MP: 4/4
  2731 | D:4      | Noticed a wyvern
  2738 | D:4      | Slain by a wyvern

Illustrated notes

Levels and vault maps discovered:
D:1:      dpeg_arrival_rhombus, layout_basic, serial_forest,
          infiniplex_forest_straight_4, infiniplex_forest_clump_small,
          infiniplex_forest_clump_medium, infiniplex_forest_end_1,
          infiniplex_forest_straight_3, minmay_tromino_v4_b
D:2:      layout_loops_ring, shapermc_ecumenical_altar_acropolis
D:3:      layout_loops_ring, gammafunk_ghost_necromancy, serial_shops, shop,
          lexackson_kobold_supper
D:4:      layout_cave_pods, hangedman_decor_riveting, uniq_natasha

Skill      XL: |  1  2  3  4 |
---------------+-------------+-----
Shields        | 3 |  3.3
Unarmed Combat | 3 |  3.8
Dodging        | 3 |  3.1
Fighting       | 3 |  3.0
Throwing       | 1 |  1.0

Action                     |  1- 3 |  4- 6 || total
---------------------------+-------+-------++-------
  Melee: Unarmed           |   112 |    64 ||   176
  Throw: Dart              |       |     4 ||     4
         Boomerang         |       |     2 ||     2
 Armour: Robe              |    23 |    14 ||    37
  Dodge: Dodged            |    20 |    29 ||    49
  Block: Kite shield       |    49 |    25 ||    74

Table legend: (Time is in decaauts)
 A = Elapsed time spent in this place.
 B = Non-inter-level travel time spent in this place.
 C = Inter-level travel time spent in this place.
 D = Time resting spent in this place.
 E = Time spent auto-exploring this place.
 F = Levels seen in this place.
 G = Mean time per level.
                   A        B        C        D        E       F      G
               +--------+--------+--------+--------+--------+-----+--------+
         Total |   2748 |   2603 |    145 |     15 |   2135 |   4 |  687.0 |
       Dungeon |   2748 |   2603 |    145 |     15 |   2135 |   4 |  687.0 |
               +--------+--------+--------+--------+--------+-----+--------+

Top non-repeatable levels by time:
     D:1: 945 daAuts
     D:3: 822 daAuts
     D:2: 781 daAuts
     D:4: 198 daAuts
